 Dungeon Crawl Stone Soup version 0.27.1-3-gb3d3a73c9e (webtiles) character file.

Game seed: 757726623110538523

819 Kinoniko the Cudgeller (level 7, 0/76 HPs)
             Began as an Ogre Berserker on Oct 6, 2021.
             Was a Priest of Trog.
             Slain by a gnoll (11 damage)
             ... on level 5 of the Dungeon.
             The game lasted 00:04:19 (5819 turns).

Kinoniko the Cudgeller (Ogre Berserker)             Turns: 5819, Time: 00:04:20

Health: 0/76       AC:  3    Str: 24    XL:     7   Next: 95%
Magic:  0/16       EV: 10    Int:  8    God:    Trog [***...]
Gold:   234        SH:  0    Dex:  8    Spells: 6/6 levels left

rFire    . . .     SeeInvis .   p - +0 flail (spect)
rCold    . . .     Faith    .   (no shield)
rNeg     . . .     Spirit   +   b - +0 animal skin
rPois    .         Reflect  .   (helmet restricted)
rElec    .         Harm     .   (no cloak)
rCorr    .         Rampage  .   (gloves unavailable)
Will     +....                  (boots unavailable)
Stlth    +.........             f - amulet of guardian spirit
HPRegen  0.22/turn              g - ring of magical power
MPRegen  0.15/turn              r - ring of willpower

@: on berserk cooldown, slowed, studying Fighting, very slow
A: large, unfitting armour, tough skin 1
a: Renounce Religion, Berserk, Trog's Hand


You were on level 5 of the Dungeon.
You worshipped Trog.
Trog was most pleased with you.
You visited 1 branch of the dungeon, and saw 5 of its levels.

You collected 234 gold pieces.

Inventory:

Hand Weapons
 a - a +0 mace
 p - a +0 spectral flail (weapon)
Armour
 b - a +0 animal skin (worn)
Jewellery
 f - an amulet of guardian spirit (around neck)
 g - a ring of magical power (left hand)
 j - a ring of positive energy
 n - an amulet of magic regeneration
 r - a ring of willpower (right hand)
Wands
 m - a wand of digging (2)
 q - a wand of mindburst (15)
Scrolls
 d - a scroll of fog
 e - a scroll of blinking {unknown}
 h - 2 scrolls of holy word
 l - a scroll of teleportation
Potions
 c - 3 potions of might {unknown}
 i - a potion of attraction {unknown}
 k - 3 potions of curing {unknown}
 o - 3 potions of flight {unknown}


   Skills:
 + Level 6.8 Fighting
 * Level 7.9 Maces & Flails
 - Level 2.6 Dodging


You had 6 spell levels left.
You didn't know any spells.
Your spell library contained the following spells:

 Spells                   Type           Power      Damage    Failure   Level
 Foxfire                  Conj/Fire      0%         2x1d4     41%         1
 Conjure Flame            Conj/Fire      0%         6-21      78%         3
 Inner Flame              Hex/Fire       0%         N/A       78%         3


Dungeon Overview and Level Annotations

Branches:
Dungeon (5/15)             Temple (0/1) D:4

Altars:


Innate Abilities, Weirdness & Mutations

You are too large for most types of armour.
You have tough skin. (AC +1)


Message History

The gnoll shaman hits you with a +0 whip!
You are too injured to fight recklessly!
You are too injured to fight recklessly!
You are too injured to fight recklessly!
You are too injured to fight recklessly!
You are too injured to fight recklessly!
You are too injured to fight recklessly!
You are too injured to fight recklessly!
You are too injured to fight recklessly!
You are too injured to fight recklessly!
You are too injured to fight recklessly!
You are too injured to fight recklessly!
You are too injured to fight recklessly!
You are too injured to fight recklessly!
You are too injured to fight recklessly!
Unknown command.
You completely miss the gnoll shaman.
The gnoll shaman is heavily wounded.
Your +0 spectral flail hits the gnoll shaman!!
You kill the gnoll shaman!
Trog accepts your kill.
Unknown command.
Things that are here:
a +0 spear; a gnoll corpse
Things that are here:
a +4 trident; a +2 robe of positive energy
There is an open door, spattered with blood here.
The gnoll hits you with a +0 halberd.
There is an open door, spattered with blood here.
You barely miss the gnoll. The gnoll hits you with a +0 halberd.
You closely miss the gnoll. The gnoll hits you with a +0 halberd!
* * * LOW HITPOINT WARNING * * *
The gnoll closely misses you.
You barely miss the gnoll. The gnoll closely misses you.
Unknown command.
The gnoll closely misses you.
The gnoll hits you from afar with a +0 halberd!
* * * LOW HITPOINT WARNING * * *
The gnoll hits you from afar with a +0 halberd!
You die...

#........# #......##
#........# #.........
#........# #.........
#........# ###.......
#........# ......
#........# ....#
#........#####....###
#.........##.))......
#......@.g')).)......
#........[##...##.###
#.......(###...#
#######.## #...# #.#
##### #.# #.# #.# #..


You could see a gnoll.

Vanquished Creatures
  Sigmund (D:2)
  An ogre (D:4)
  A centaur (D:5)
  Blork the orc (D:5)
  A howler monkey (D:4)
  A jelly (D:5)
  A hound (D:4)
  A gnoll shaman (D:5)
  A bullfrog skeleton (D:5)
  An orc wizard (D:4)
  7 gnolls
  A howler monkey skeleton (D:5)
  6 adders
  An adder skeleton (D:4)
  2 worms
  4 dart slugs
  6 orcs
  9 bats
  4 endoplasms
  2 giant cockroaches
  7 goblins
  5 hobgoblins
  13 jackals
  A quokka (D:4)
  10 ball pythons
  6 frilled lizards
  4 kobolds
  9 rats
107 creatures vanquished.

Notes
Turn   | Place    | Note
-------+----------+-------------------------------------------
     0 | D:1      | Kinoniko the Ogre Berserker began the quest for the Orb.
     0 | D:1      | Reached XP level 1. HP: 24/24 MP: 1/1
    84 | D:1      | Reached skill level 3 in Maces & Flails
   278 | D:1      | Reached XP level 2. HP: 32/32 MP: 2/2
  1150 | D:2      | Reached XP level 3. HP: 37/39 MP: 3/3
  1217 | D:2      | Reached skill level 4 in Maces & Flails
  1641 | D:2      | Noticed Sigmund
  1650 | D:2      | Killed Sigmund
  1651 | D:2      | Reached skill level 5 in Maces & Flails
  1651 | D:2      | Reached XP level 4. HP: 48/48 MP: 4/4
  1651 | D:2      | Reached XP level 5. HP: 54/54 MP: 5/5
  1653 | D:2      | Reached ** piety under Trog
  2077 | D:2      | Reached XP level 6. HP: 62/62 MP: 6/6
  2270 | D:2      | Found a faded altar of an unknown god.
  2403 | D:2      | Reached skill level 6 in Maces & Flails
  4409 | D:4      | Reached *** piety under Trog
  4486 | D:4      | Identified a scroll of acquirement
  4486 | D:4      | Acquired a manual of Fighting
  4641 | D:4      | Found a staircase to the Ecumenical Temple.
  4777 | D:4      | Reached XP level 7. HP: 71/71 MP: 7/7
  4784 | D:4      | Reached skill level 7 in Maces & Flails
  5291 | D:4      | Reached skill level 5 in Fighting
  5398 | D:5      | Entered Level 5 of the Dungeon
  5789 | D:5      | Noticed Blork the orc
  5800 | D:5      | Killed Blork the orc
  5819 | D:5      | Slain by a gnoll

Illustrated notes

Levels and vault maps discovered:
D:1:      lightli_arrival_quake, layout_rooms
D:2:      layout_basic, serial_aquarium, aquarium_bridge_straight
          [aquarium_subvault_bridge, aquarium_subvault_wall,
          aquarium_subvault_bridge, aquarium_subvault_wall], aquarium_window_1,
          aquarium_window_1, aquarium_window_fake, aquarium_window_fake,
          aquarium_view_2f, aquarium_balcony_5b,
          shapermc_ecumenical_altar_hornbeckon, nrook_uturn, st_stairs_6,
          hex_tiny, uniq_sigmund
D:3:      kennysheep_six_static_rooms, layout_basic
D:4:      layout_loops_ring, temple_statues
D:5:      layout_basic, uniq_blork_the_orc

Skill      XL: |  1  2  3  4  5  6  7 |
---------------+----------------------+-----
Maces & Flails | 3 5 6 7 |  7.9
Fighting       | 6 |  6.8
Dodging        | |  2.6

Action                   |  1- 3 |  4- 6 |  7- 9 || total
-------------------------+-------+-------+-------++-------
Melee: Mace              |   111 |   193 |       ||   304
       Flail             |       |    26 |    45 ||    71
Invok: Berserk           |     4 |     4 |     1 ||     9
  Use: Scroll            |       |     8 |       ||     8
 Stab: Sleeping          |       |     1 |       ||     1
Armor: Animal skin       |    51 |    88 |     7 ||   146
Dodge: Dodged            |    84 |   148 |    21 ||   253
